 Dungeon Crawl Stone Soup version 0.29-a0-838-g385bb11a5b (webtiles) character file.

Game seed: 7793174704789116254

7 Zonian the Chiller (level 1, -1/13 HPs)
             Began as a Demonspawn Ice Elementalist on July 14, 2022.
             Slain by a kobold
             ... wielding a +0 short sword
              (3 damage)
             ... on level 1 of the Dungeon.
             The game lasted 00:00:44 (303 turns).

Zonian the Chiller (Demonspawn Ice Elementalist)     Turns: 303, Time: 00:00:45

Health: -1/13      AC:  2    Str:  8    XL:     1   Next: 91%
Magic:  3/3        EV: 12    Int: 16    God:
Gold:   12         SH:  0    Dex: 13    Spells: 3/4 levels left

rFire   . . .      SeeInvis .   d - +0 whip
rCold   . . .      Faith    .   (no shield)
rNeg    . . .      Spirit   .   a - +0 robe
rPois   .          Reflect  .   (no helmet)
rElec   .          Harm     .   (no cloak)
rCorr   .          Rampage  .   (no gloves)
Will    .....                   (no boots)
Stlth   ++........              (no amulet)
HPRegen 0.04/turn               (no ring)
MPRegen 0.08/turn               (no ring)

@: no status effects
A: no striking features
a: no special abilities


You were on level 1 of the Dungeon.
You visited 1 branch of the dungeon, and saw 1 of its levels.

You collected 12 gold pieces.

Inventory:

Hand Weapons
 d - a +0 whip (weapon)
Armour
 a - a +0 robe (worn)
Potions
 c - a potion of curing {unknown}
 e - a potion of degeneration {unknown}


   Skills:
 + Level 2.0 Dodging
 + Level 2.0 Stealth
 + Level 2.1 Spellcasting
 + Level 3.7 Ice Magic


You had 3 spell levels left.
You knew the following spells:

 Your Spells              Type           Power      Damage    Failure   Level
a - Freeze                Ice            52%        1d7       4%          1

Your spell library contained the following spells:

 Spells                   Type           Power      Damage    Failure   Level
 Frozen Ramparts          Ice            26%        1d4       13%         3
 Ozocubu's Armour         Ice            13%        N/A       13%         3
 Hailstorm                Conj/Ice       7%         3d4       67%         4


Dungeon Overview and Level Annotations

Branches:
Dungeon (1/15)

Altars:


Message History

The kobold is moderately wounded.
The bat closely misses you. The kobold hits you but does no damage.
You are out of magic!
You are out of magic!
Unknown command.
You hit the kobold but do no damage.
The kobold is moderately wounded.
The bat closely misses you.
The kobold hits you with a +0 short sword.
You closely miss the kobold.
The kobold is moderately wounded.
The bat closely misses you.
The kobold hits you with a +0 short sword.
You closely miss the kobold.
The kobold is moderately wounded.
The bat hits you. The kobold misses you. x2
Your magical contamination has completely faded away.
Unknown command.
You barely miss the kobold.
The kobold is moderately wounded.
The bat misses you. The kobold barely misses you.
Unknown command.
Casting: Freeze (safe; 4% risk of failure)
Confirm with . or Enter, or press ? or * to list all spells.
Aiming: Freeze (safe; 4% risk of failure)
Press: ? - help, Shift-Dir - straight line, f/p - kobold
Aim: a kobold, wielding a +0 short sword (moderately wounded)
You freeze the kobold.
The kobold is severely wounded.
The bat barely misses you. x2; The kobold barely misses you.
Unknown command.
You closely miss the kobold.
The kobold is severely wounded.
The bat hits you but does no damage.
The kobold hits you with a +0 short sword.
* * * LOW HITPOINT WARNING * * *
Unknown command.
Magic courses through your body.
The kobold hits you with a +0 short sword.
You die...

## #. #.#
#....... ..#
#.###†####.......
..#
#.#..............
..#
#...#.#####......
.. ##......#
#...... #.#
#..#.#.# ####...
###.. ##.##.#...
#..##
##....##..##.#
#.. #.###
#....†b@.###.#
#.##.###
#.......K## .#
.......
#.........#
#.####
#.......#.# .. #
##.....##.# #
#...... .#
#...... .#
#...... ..


You could see a bat and a kobold.

Vanquished Creatures
  A dart slug (D:1)
  2 ball pythons (D:1)
  A giant cockroach (D:1)
  A bat (D:1)
  A frilled lizard (D:1)
6 creatures vanquished.

Notes
Turn   | Place    | Note
-------+----------+-------------------------------------------
     0 | D:1      | Zonian the Demonspawn Ice Elementalist began the quest for
                  | the Orb.
     0 | D:1      | Reached XP level 1. HP: 13/13 MP: 3/3
   303 | D:1      | Slain by a kobold

Illustrated notes

Levels and vault maps discovered:
D:1:      spicycebolla_arrival_ecumenical, layout_rooms

Skill      XL: |  1 |
---------------+----+-----
Stealth        | 2 |  2.0
Dodging        | 2 |  2.0
Spellcasting   | |  2.1
Ice Magic      | |  3.7

Action                   || total
-------------------------++-------
Melee: Whip              ||     7
 Cast: Freeze            ||    10
  Use: Potion            ||     1
Armor: Robe              ||     6
Dodge: Dodged            ||    17

Table legend: (Time is in decaauts)
 A = Elapsed time spent in this place.
 B = Non-inter-level travel time spent in this place.
 C = Inter-level travel time spent in this place.
 D = Time resting spent in this place.
 E = Time spent auto-exploring this place.
 F = Levels seen in this place.
 G = Mean time per level.
                   A        B        C        D        E       F      G
               +--------+--------+--------+--------+--------+-----+--------+
         Total |    303 |    303 |      0 |    155 |     77 |   1 |  303.0 |
       Dungeon |    303 |    303 |      0 |    155 |     77 |   1 |  303.0 |
               +--------+--------+--------+--------+--------+-----+--------+

Top non-repeatable levels by time:
     D:1: 303 daAuts
